 Dungeon Crawl Stone Soup version 0.25.1-1-g288607f5aa (webtiles) character file.

Game seed: 4682138342709334098

579 Kold the Cudgeler (level 7, -5/50 HPs)
             Began as a Demonspawn Gladiator on July 23, 2020.
             Was an Initiate of Makhleb.
             Slain by Harold
             ... wielding a +0 scimitar
              (19 damage)
             ... on level 7 of the Dungeon.
             The game lasted 00:06:11 (4024 turns).

Kold the Cudgeler (Demonspawn Gladiator)            Turns: 4024, Time: 00:06:12

Health: -5/50      AC:  8    Str: 22    XL:     7   Next: 13%
Magic:  19/19      EV: 13    Int: 10    God:    Makhleb [......]
Gold:   172        SH:  0    Dex: 14    Spells: 6/6 levels left

rFire    . . .     SeeInvis .   a - +0 flail
rCold    . . .     Gourm    .   (no shield)
rNeg     . . .     Faith    .   b - +0 leather armour
rPois    .         Spirit   .   c - +0 helmet
rElec    .         Reflect  .   (no cloak)
rCorr    .         Harm     .   m - +0 pair of gloves
MR       .....                  (no boots)
Stlth    +++.......             (no amulet)
HPRegen  0.16/turn              o - ring of magical power
MPRegen  0.16/turn              e - +6 ring of strength

@: hasted, very quick
A: claws 1, icy blue scales 2, nightstalker 2, spiny 1
a: Renounce Religion


You were on level 7 of the Dungeon.
You worshipped Makhleb.
Makhleb was noncommittal.
You were hungry.

You visited 2 branches of the dungeon, and saw 7 of its levels.

You collected 172 gold pieces.

Inventory:

Hand Weapons
 a - a +0 flail (weapon)
Missiles
 d - 3 throwing nets (quivered)
Armour
 b - a +0 leather armour (worn)
 c - a +0 helmet (worn)
 m - a +0 pair of gloves (worn)
 u - a cursed -2 tower shield
Jewellery
 e - a +6 ring of strength (right hand)
 o - a ring of magical power (left hand)
 s - an uncursed ring of ice {unknown}
Scrolls
 h - 2 scrolls of magic mapping {unknown}
 j - a scroll of blinking
 k - a scroll of fear {unknown}
 l - 5 scrolls of identify
 r - a scroll of fog {unknown}
Potions
 g - a potion of brilliance {unknown}
 i - 2 potions of cancellation
 q - a potion of heal wounds {unknown}
Comestibles
 f - a ration


   Skills:
 - Level 2.0 Fighting
 + Level 6.8 Maces & Flails
 - Level 1.7 Throwing
 - Level 3.0 Dodging
 * Level 4.0 Invocations


You had 6 spell levels left.
You didn't know any spells.
Your spell library was empty.

Dungeon Overview and Level Annotations

Branches:
Dungeon (5/15)             Temple (1/1) D:4

Altars:
Ashenzari
Dithmenos
Makhleb
Nemelex Xobeh
Sif Muna
Uskayaw
Zin

Annotations:
D:3 3 runed translucent doors, exclusion: door, IHuginn's ghost, amateur OpAs
D:7 Harold


Innate Abilities, Weirdness & Mutations

You have sharp fingernails.
You are mostly covered in icy blue scales. (AC +3)
You are significantly more attuned to the shadows.
You are partially covered in sharp spines.


Message History

Okay, then.
You barely miss Harold.
Harold is heavily wounded.
Harold looks eager to get this over with.
Harold hits you with a +0 scimitar.
* * * LOW HITPOINT WARNING * * *
You feel yourself speed up. Harold hits you with a +0 scimitar.
* * * LOW HITPOINT WARNING * * *
You feel better. Harold hits you with a +0 scimitar.
* * * LOW HITPOINT WARNING * * *
You hit Harold.
Harold is heavily wounded.
Harold misses you.
You hit Harold.
Harold is heavily wounded.
Harold closely misses you.
You sock Harold!
Harold is severely wounded.
Harold is struck by your spines. Harold hits you with a +0 scimitar!!
You die...

#...#
#...#
##'####.
#.......#
#.......#
#......#
#......#
#......#
#..@...#
#..@...#
#......#
#......#
########


You could see Harold (fast).

Vanquished Creatures
  Menkaure (D:7)
  A scorpion (D:5)
  A wyvern skeleton (D:3)
  A hound (D:4)
  An orc priest (D:3)
  2 orc wizards
  2 worker ants (D:4)
  4 gnolls (D:2)
  9 adders
  2 worms
  5 leopard geckos
  5 orcs
  3 ball pythons
  3 giant cockroaches
  7 goblins
  5 hobgoblins (D:1)
  6 jackals
  5 kobolds
  3 quokkas (D:2)
  3 bats (D:2)
  4 frilled lizards
  4 rats
  A plant (D:4)
78 creatures vanquished.

Vanquished Creatures (others)
  A fungus (D:3)
  2 plants (D:3)
3 creatures vanquished.

Grand Total: 81 creatures vanquished

Notes
Turn   | Place    | Note
-------+----------+-------------------------------------------
     0 | D:1      | Kold the Demonspawn Gladiator began the quest for the Orb.
     0 | D:1      | Reached XP level 1. HP: 16/16 MP: 1/1
    84 | D:1      | Reached skill level 3 in Maces & Flails
    84 | D:1      | Gained mutation: You are slightly more attuned to the
                  | shadows. [demonic ancestry]
    84 | D:1      | Reached XP level 2. HP: 18/22 MP: 2/2
   787 | D:1      | Gained mutation: You are partially covered in sharp spines.
                  | [demonic ancestry]
   787 | D:1      | Reached XP level 3. HP: 22/27 MP: 3/3
  1182 | D:2      | Reached skill level 4 in Maces & Flails
  1236 | D:2      | Gained mutation: You are significantly more attuned to the
                  | shadows. [demonic ancestry]
  1236 | D:2      | Reached XP level 4. HP: 23/33 MP: 4/4
  2214 | D:3      | Reached skill level 5 in Maces & Flails
  2273 | D:3      | Gained mutation: You have sharp fingernails. [demonic
                  | ancestry]
  2273 | D:3      | Reached XP level 5. HP: 37/38 MP: 5/5
  2605 | D:3      | HP: 1/38 [orc/+0 dagger (3)]
  2608 | D:3      | Reached skill level 6 in Maces & Flails
  2883 | D:3      | Found a runed translucent gate.
  2883 | D:3      | Found a runed translucent gate.
  2884 | D:3      | Found a runed translucent gate.
  2885 | D:3      | Noticed IHuginn's ghost (amateur OpAs)
  3147 | D:5      | Entered Level 5 of the Dungeon
  3157 | D:5      | Gained mutation: You are partially covered in icy blue
                  | scales. (AC +2) [demonic ancestry]
  3157 | D:5      | Reached XP level 6. HP: 26/44 MP: 6/6
  3373 | D:4      | Found a staircase to the Ecumenical Temple.
  3404 | Temple   | Entered the Ecumenical Temple
  3409 | Temple   | Became a worshipper of Makhleb the Destroyer
  3542 | D:4      | Reached skill level 1 in Invocations
  3678 | D:4      | You fall into a shaft and drop 3 floors!
  3679 | D:7      | Noticed a sky beast
  3731 | D:7      | Found a sparkling altar of Nemelex Xobeh.
  3734 | D:7      | Noticed Menkaure
  3742 | D:7      | Killed Menkaure
  3742 | D:7      | Gained mutation: You are mostly covered in icy blue scales.
                  | (AC +3) [demonic ancestry]
  3742 | D:7      | Reached XP level 7. HP: 13/50 MP: 9/9
  4011 | D:7      | Noticed Harold
  4024 | D:7      | Slain by Harold

Illustrated notes

Levels and vault maps discovered:
D:1:      dpeg_arrival_tiny_h, layout_basic
D:2:      minmay_evil_eye, layout_loops_ring, feat_on_display
D:3:      layout_rooms, gammafunk_ghost_nasty_kobolds
D:4:      layout_loops_ring, minmay_temple_entry_overgrown,
          ebering_ghost_disaster_area
D:5:      wad_woods_tower, layout_cave_pods, first_ration,
          hangedman_minor_gate_pass, uniq_eustachio
D:7:      layout_basic, nemelex_xobeh_ov_fountains_minmay, serial_shops, shop,
          minivault_19, uniq_menkaure, uniq_harold
Temple:   grunt_wide_crystal_templ

Skill      XL: |  1  2  3  4  5  6  7 |
---------------+----------------------+-----
Maces & Flails | 3 4 5 6 |  6.8
Dodging        | 3 |  3.0
Invocations    | 3 4 |  4.0
Fighting       | |  2.0
Throwing       | |  1.7

Action                   |  1- 3 |  4- 6 |  7- 9 || total
-------------------------+-------+-------+-------++-------
Melee: Flail             |    84 |   109 |    14 ||   207
  Use: Potion            |       |     5 |     2 ||     7
       Scroll            |       |     3 |       ||     3
 Stab: Sleeping          |     3 |    11 |     1 ||    15
  Eat: Chunk             |     1 |     8 |       ||     9
Armor: Leather armour    |    23 |    17 |     6 ||    46
Dodge: Dodged            |    74 |    72 |     6 ||   152
